Map: Cyber Forest LE

Players

Mez

  • Race: Terran Terran
  • League: Master
  • Spawn Location: 5:00

Ashron - Winner!

  • Race: Protoss Protoss
  • League: Master
  • Spawn Location: 11:00

VOD

Have the link to the VOD?

Description

Time

  • Played on: Aug. 1, 2019, 5:22 a.m.
  • Length: 14:36
Show
View Real Time Build Order
Export as new Build Order

Mez Terran 

Build Orders: Reaper Expand 

Get SALT Encoding   

  12  0:00  SCV  
  13  0:13  SCV  
  14  0:18  Supply Depot  
  14  0:25  SCV  
  15  0:40  SCV  
  15  0:41  Barracks  
  16  0:45  Refinery  
  16  0:52  SCV  
  17  1:04  SCV  
  18  1:16  SCV  
  19  1:29  Reaper, Orbital Command  
  20  1:52  Command Center  
  19  1:56  SCV  
  20  2:02  Barracks Reactor  
  20  2:07  Barracks  
  20  2:10  SCV  
  21  2:17  Supply Depot  
  21  2:22  SCV  
  22  2:29  Barracks  
  22  2:34  SCV  
  23  2:43  Marine x2  
  25  2:46  SCV  
  26  2:55  Barracks Tech Lab  
  26  3:00  SCV  
  27  3:06  Marine x2  
  27  3:07  Orbital Command  
  29  3:19  Marine  
  30  3:22  Concussive Shells, Marauder  
  30  3:23  SCV  
  33  3:29  Supply Depot  
  33  3:34  Orbital Command  
  33  3:37  Marine x2  
  33  3:38  Marine  
  36  3:43  Marauder  
  36  3:44  SCV  
  39  3:49  Engineering Bay  
  39  3:56  SCV, Marine x2  
  39  3:57  Marine  
  39  4:00  SCV  
  44  4:03  Supply Depot  
  44  4:04  Marine  
  44  4:08  SCV  
  46  4:12  SCV  
  46  4:16  Marine x3  
  50  4:19  Terran Infantry Weapons Level 1  
  50  4:20  SCV  
  50  4:22  Stimpack, Marine  
  52  4:30  SCV  
  53  4:32  SCV, Supply Depot  
  53  4:35  Missile Turret  
  54  4:44  SCV x2  
  56  4:45  Marine x2  
  56  4:46  Marine x2  
  53  5:02  Bunker  
  53  5:04  Factory, Refinery  
  53  5:05  Marine x3  
  53  5:06  Refinery, Marauder  
  52  5:15  Bunker  
  52  5:18  SCV  
  52  5:19  SCV  
  54  5:29  Barracks Tech Lab  
  54  5:30  Marine, Marauder  
  54  5:32  Command Center  
  57  5:38  SCV x2  
  59  5:50  SCV x2, Factory Tech Lab  
  59  5:51  Combat Shield  
  61  6:02  SCV  
  61  6:03  SCV  
  61  6:04  Marine x2, Marauder x2  
  69  6:08  Refinery  
  69  6:09  Supply Depot  
  69  6:10  Supply Depot  
  69  6:15  SCV  
  70  6:21  Terran Infantry Armor Level 1  
  70  6:22  Siege Tank, SCV  
  70  6:24  Marine x2  
  70  6:25  Marine  
  77  6:36  Starport  
  77  6:43  SCV, Marine x2  
  80  6:49  Barracks  
  80  6:51  Barracks  
  79  6:54  Orbital Command  
  79  6:55  SCV x2  
  75  7:10  SCV x2  
  77  7:17  Marauder x2, Supply Depot  
  81  7:25  Siege Tank  
  81  7:28  Barracks Reactor  
  84  7:30  Medivac x2  
  84  7:35  SCV  
  84  7:36  SCV  
  90  7:39  Marauder  
  90  7:42  Orbital Command  
  90  7:43  Supply Depot  
  92  7:58  SCV  
  92  7:59  Siege Tank, SCV  
  92  8:02  Medivac x2  
  92  8:03  Marine x2  
  92  8:04  Marine x2  
  104  8:08  SCV  
  105  8:15  Armory  
  105  8:16  Engineering Bay  
  105  8:20  SCV  
  105  8:21  SCV x2, Supply Depot  
  105  8:22  Bunker  
  105  8:25  Supply Depot  
  108  8:29  Barracks Reactor, Marine, Marauder x2, Barracks Tech Lab  
  108  8:30  Marine  
  114  8:38  Medivac x2  
  118  8:42  SCV x3  
  118  8:43  Command Center  
  121  8:54  Marine x2, Marauder x3  
  128  9:09  Marine x2  
  122  9:11  Marine  
  122  9:12  Marine  
  122  9:15  Marauder x2  
  122  9:16  Marauder  
  130  9:22  Missile Turret  
  130  9:27  Marine x2  
  130  9:28  Ghost Academy  
  130  9:29  Marine  
  130  9:30  Marine, Barracks  
  134  9:32  Barracks  
  134  9:34  Barracks  
  134  9:37  Marauder x3  
  137  9:44  Marine  
  119  9:51  Marine x2  
  119  9:52  Viking x2  
  120  9:58  Marauder x2  
  120  10:04  Missile Turret  
  120  10:05  Marine x2, Marauder  
  124  10:19  Marine x3, Marauder x3, Starport  
  124  10:20  Refinery  
  133  10:21  Factory Reactor  
  133  10:22  Viking  
  133  10:26  Marauder  
  123  10:39  Viking  
  127  10:43  Marauder x3, Barracks Tech Lab x2  
  127  10:44  Marine x2  
  127  10:48  Marauder  
  135  10:52  Viking  
  135  10:53  Planetary Fortress  
  128  11:09  Viking  
  128  11:10  Marine x3, Marauder  
  131  11:17  Missile Turret  
  131  11:18  Missile Turret  
  131  11:25  Viking x3  
  137  11:27  Ghost x2  
  137  11:31  Refinery, SCV x4  
  145  11:38  Missile Turret  
  145  11:39  Viking  
  147  11:43  SCV, Terran Infantry Weapons Level 2  
  148  11:48  SCV  
  148  11:49  SCV x2  
  151  11:56  Refinery  
  151  11:59  Terran Infantry Armor Level 2  
  149  12:22  Ghost x2  
  147  12:23  Marine, Marauder  
  147  12:24  Marauder  
  156  12:33  Supply Depot x2  
  156  12:37  Supply Depot  
  156  12:41  SCV x2, Marauder  
  156  12:42  SCV  
  156  12:43  SCV, Marine  
  148  12:44  Viking  
  148  12:45  Viking  
  148  12:46  Viking x2  
  139  12:54  SCV x2  
  124  13:14  Viking  
  124  13:15  Viking  
  124  13:16  Viking  
  124  13:17  Marine x3, Marauder x2  
  124  13:18  Marine, Marauder x3  
  128  13:25  SCV x2, Marine  
  128  13:26  SCV x2  
  130  13:39  Sensor Tower, Marauder  
  132  13:42  Missile Turret  
  132  13:43  SCV x3  
  132  13:44  SCV  
  136  13:52  Ghost  
  136  13:53  Ghost x2  
  136  13:54  Marine x2, Marauder x2  
  131  14:06  Viking x2  
Show
View Real Time Build Order
Export as new Build Order

Ashron Protoss - Winner!

Build Orders: Blink Stalkers 

Get SALT Encoding   

  12  0:00  Probe  
  13  0:13  Probe  
  14  0:21  Pylon  
  14  0:25  Probe  
  15  0:35  Probe  
  15  0:42  Gateway  
  16  0:43  Probe  
  17  0:53  Probe, Assimilator  
  18  1:05  Probe  
  18  1:09  Pylon  
  19  1:17  Probe  
  20  1:22  Zealot  
  20  1:29  Probe  
  23  1:35  Cybernetics Core  
  23  1:42  Probe  
  24  2:02  Probe  
  24  2:04  Nexus  
  24  2:05  Stalker  
  26  2:15  Warp Gate  
  26  2:19  Probe  
  27  2:24  Assimilator  
  27  2:31  Probe, Pylon  
  28  2:44  Probe  
  29  2:50  Twilight Council  
  29  2:56  Probe  
  30  3:09  Blink  
  30  3:10  Adept  
  30  3:11  Gateway  
  32  3:14  Gateway  
  32  3:22  Probe  
  33  3:27  Shield Battery  
  33  3:37  Probe  
  33  3:40  Pylon  
  34  3:44  Probe  
  35  3:54  Probe  
  36  4:04  Probe  
  36  4:06  Stalker x2  
  41  4:11  Adept  
  41  4:12  Probe  
  44  4:17  Probe  
  44  4:23  Robotics Facility  
  45  4:26  Probe  
  45  4:27  Pylon  
  46  4:31  Stalker  
  46  4:34  Stalker  
  46  4:36  Probe  
  51  4:43  Stalker  
  53  4:54  Probe  
  52  5:05  Probe  
  51  5:11  Warp Prism  
  51  5:13  Probe, Forge  
  54  5:14  Pylon  
  54  5:18  Pylon  
  54  5:20  Assimilator  
  54  5:21  Probe  
  53  5:36  Robotics Bay  
  53  5:41  Stalker x2  
  57  5:44  Protoss Ground Armor Level 1  
  57  5:45  Sentry  
  57  5:47  Nexus  
  59  6:10  Sentry  
  59  6:11  Adept x2  
  65  6:21  Probe  
  65  6:23  Colossus  
  66  6:29  Assimilator, Gateway  
  66  6:30  Gateway  
  66  6:31  Gateway  
  66  6:34  Zealot x3  
  78  6:55  Charge  
  70  7:09  Probe  
  70  7:10  Probe, Colossus  
  72  7:19  Probe  
  72  7:22  Probe  
  80  7:23  Probe  
  80  7:27  Probe  
  80  7:29  Zealot x4  
  89  7:30  Zealot x2  
  89  7:35  Protoss Ground Armor Level 2  
  89  7:36  Probe x2  
  89  7:37  Probe  
  97  7:49  Probe  
  98  7:52  Pylon  
  96  8:01  Probe  
  97  8:07  Colossus  
  97  8:12  Pylon  
  101  8:13  Probe  
  101  8:14  Pylon  
  101  8:15  Pylon  
  102  8:20  Zealot x2  
  102  8:26  Nexus  
  106  8:28  Stalker  
  108  8:38  Probe  
  109  8:42  Templar Archives  
  109  8:46  Zealot x2  
  109  8:47  Zealot  
  115  8:50  Probe  
  116  9:00  Colossus  
  120  9:03  Probe  
  120  9:09  Extended Thermal Lance  
  119  9:15  Zealot x5, Probe  
  119  9:16  Zealot  
  132  9:27  Probe  
  133  9:35  Pylon  
  131  9:39  Probe  
  114  9:48  Psionic Storm  
  114  9:51  Stalker x6, Probe  
  119  10:05  Probe, Protoss Ground Armor Level 3  
  119  10:06  Probe  
  121  10:07  Probe  
  122  10:19  Photon Cannon  
  122  10:20  Zealot x6  
  134  10:22  Photon Cannon, Shield Battery  
  132  10:32  Colossus  
  124  10:43  Gateway  
  124  10:44  Gateway  
  124  10:46  High Templar x2  
  124  10:47  High Templar, Zealot x3  
  142  10:52  Probe x3  
  139  11:13  Zealot x2  
  139  11:14  Zealot  
  139  11:17  Pylon x2  
  145  11:21  Gateway x2  
  145  11:22  Gateway  
  145  11:24  High Templar x2, Zealot, Pylon  
  151  11:27  Probe x2  
  153  11:32  Forge  
  153  11:36  Assimilator  
  153  11:37  Assimilator, Colossus  
  159  11:43  Zealot x3  
  159  11:44  Zealot x2  
  169  11:51  Assimilator, Probe  
  170  11:56  Assimilator  
  170  12:01  Zealot x3  
  170  12:08  Nexus  
  176  12:09  Pylon  
  170  12:26  Zealot x4  
  170  12:27  Archon x2  
  170  12:29  Zealot x4  
  184  12:36  Colossus  
  138  12:54  High Templar x2, Zealot x4  
  138  12:55  Zealot x2  
  154  13:02  Probe  
  135  13:26  Stalker x6  
  143  13:27  Stalker x3  
  143  13:28  Stalker x2  
  153  13:37  Probe  
  154  13:43  Nexus  
  154  13:45  Robotics Facility  
  154  13:46  Probe, Pylon  
  155  13:49  Pylon  
  155  13:51  High Templar x3  
  149  14:05  Archon  
  149  14:07  High Templar x4  
  149  14:08  Zealot x4  
  165  14:15  Probe  
  148  14:34  Zealot x4  
  148  14:35  Zealot x3  
Tags
 
Add a new tag
Caveats
  • Supply blocks, unpowered buildings, or Contaminate may cause inaccurate times.
  • Supply counts are checked every 10 seconds.